 Dungeon Crawl Stone Soup version 0.32-a0-30-gefbe487952 (webtiles) character file.

Game seed: 8066339122611243877

896 Armakuni the Conjurer (level 7, -4/54 (66) HPs)
             Began as a Deep Elf Wanderer on Jan 19, 2024.
             Killed from afar by Maggie (5 damage)
             ... with a bolt of fire
             ... on level 6 of the Dungeon.
             The game lasted 00:17:20 (6181 turns).

Armakuni the Conjurer (Deep Elf Wanderer)           Turns: 6181, Time: 00:17:21

HP:   -4/54 (66)    AC: 23    Str: 10    XL:     7   Next: 78%
MP:   0/11          EV:  2    Int: 22    God:
Gold: 221           SH:  0    Dex: 12    Spells: 6/10 levels left

rFire   + . .        b - +3 dagger
rCold   . . .        (no shield)
rNeg    . . .        r - melded +2 leather armour {rC+}
rPois   +            c - melded +0 helmet
rElec   .            (cloak currently unavailable)
rCorr   .            p - melded +1 pair of gloves
SInv    .            (boots currently unavailable)
Will    .....        (no amulet)
Stlth   ++           F - ring of protection from fire
HPRegen 0.29/turn    (no ring)
MPRegen 0.12/turn

%: no passive effects
@: mighty, tree-form, mesmerised, heavily drained
A: stationary, stasis, torment immunity, boosted hp, clever 1, (fire resistance
1), low MP 1
a: no special abilities


You were on level 6 of the Dungeon.
You were a tree.
You visited 1 branch of the dungeon, and saw 6 of its levels.

You collected 325 gold pieces.
You spent 104 gold pieces at shops.

Inventory:

Hand Weapons
 a - a +1 dagger
 b - a +3 dagger (weapon)
 h - a +0 whip
Armour
 c - a +0 helmet (melded)
 k - the +4 chain mail of Resilience {Str+3}
   (You took it off a kobold on level 2 of the Dungeon)

   Str+3:     It affects your strength (+3).
 p - a +1 pair of gloves (melded)
 r - a +2 leather armour of cold resistance (melded)
Jewellery
 j - an amulet of guardian spirit
 F - a ring of protection from fire (left branch)
 G - a ring of fire
Wands
 v - a wand of flame (14)
Scrolls
 d - a scroll of teleportation
 e - a scroll of amnesia
 f - 2 scrolls of fear
 g - 2 scrolls of blinking
 i - 3 scrolls of poison
 l - 2 scrolls of summoning
 n - a scroll of revelation
 t - a scroll of noise {unknown}
 X - 2 scrolls of brand weapon
Potions
 o - 3 potions of cancellation
 q - 2 potions of mutation


   Skills:
 - Level 5.0 Fighting
 - Level 1.2 Dodging
 - Level 1.2 Stealth
 - Level 1.5 Unarmed Combat
 - Level 2.0 Spellcasting
 + Level 6.8 Conjurations
 - Level 2.0 Air Magic
 - Level 2.0 Alchemy
 - Level 1.1 Evocations


You had 6 spell levels left.
You knew the following spells:

 Your Spells              Type           Power      Damage    Failure   Level
a - Apportation           Tloc           4%         N/A       14%         1
m - Mercury Vapours       Alch/Air       22%        N/A       9%          2
z - Sting                 Conj/Alch      84%        1d8       2%          1

Your spell library contained the following spells:

 Spells                   Type           Power      Damage    Failure   Level
 Dazzling Flash           Conj/Hex       34%        N/A       10%         3
 Mephitic Cloud           Conj/Alch/Air  18%        N/A       10%         3
 Cigotuvi's Dreadful Rot  Necr/Alch/Air  16%        N/A       12%         2
 Necrotise                Necr           8%         1d4       14%         1
 Summon Small Mammal      Summ           8%         N/A       14%         1
 Ensorcelled Hibernation  Hex/Ice        4%         N/A       21%         2
 Fugue of the Fallen      Necr           2%         N/A       38%         3
 Anguish                  Hex/Necr       1%         N/A       80%         4
 Silence                  Hex/Air        3%         N/A       94%         5
 Curse of Agony           Necr           2%         N/A       98%         5


Dungeon Overview and Level Annotations

Branches:
Dungeon (6/15)
 Temple: D:4-7

Altars:
Cheibriados
Dithmenos
Ru
Uskayaw
Xom

Shops:
D:2 *

Annotations:
D:6 Maggie


Innate Abilities, Weirdness & Mutations

You are a tree.
Your roots penetrate the ground, keeping you stationary.
You cannot be teleported.
You are immune to unholy pain and torment.
Your maximum health is greatly increased.
Your equipment is partially melded.
Your mind is acute. (Int +4, Str/Dex -1)
((Your flesh is heat resistant. (rF+)))
Your magical capacity is low. (-10% MP)


Message History

The bolt of fire hits you. You resist.
* * * LOW HITPOINT WARNING * * *
Aiming: Sting (safe; 2% risk of failure)
Press: ? - help, Q - select action, (/) - cycle Shift-Dir - straight line, f/p - Maggie
Aim: Maggie, wielding a +2 halberd of draining and wearing +0 swamp dragon scales (severely wounded, mesmerising, extremely poisoned, 79% to hit)
The sting hits Maggie.
Maggie partially resists.
Maggie is severely wounded.
The bullfrog hits you.
* * * LOW HITPOINT WARNING * * *
Maggie hits you with a +2 halberd of draining.
* * * LOW HITPOINT WARNING * * *
You feel drained.
The bullfrog hits you but does no damage.
Aiming: Sting (safe; 2% risk of failure)
Press: ? - help, Q - select action, (/) - cycle Shift-Dir - straight line, f/p - Maggie
Aim: Maggie, wielding a +2 halberd of draining and wearing +0 swamp dragon scales (severely wounded, mesmerising, very poisoned, 79% to hit)
The sting hits Maggie.
Maggie partially resists.
Maggie is severely wounded.
The bullfrog hits you but does no damage.
Maggie barely misses you.
Aiming: Sting (safe; 2% risk of failure)
Press: ? - help, Q - select action, (/) - cycle Shift-Dir - straight line, f/p - Maggie
Aim: Maggie, wielding a +2 halberd of draining and wearing +0 swamp dragon scales (almost dead, mesmerising, very poisoned, 79% to hit)
The sting hits Maggie but does no damage.
Maggie looks as sick as possible!
Maggie is almost dead.
The bullfrog hits you but does no damage.
Maggie hits you with a +2 halberd of draining.
* * * LOW HITPOINT WARNING * * *
You feel drained.
* * * LOW HITPOINT WARNING * * *
The bullfrog hits you but does no damage.
You don't have enough magic to cast this spell.
You don't have enough magic to cast this spell.
You barely miss Maggie.
Maggie is almost dead.
The bullfrog hits you but does no damage.
Maggie gestures at you while chanting. The bolt of fire hits you. You resist.
You die...

.......#
.......## ..
........# ...
........# ..|.
........# #....
....)...#
#.....
........#
#....#
........#
##@...#
........#
##♣F.#
##'###..#
##...##
.....#..#
##...##
.....#..#
##..###
.._..#..#
##..##
.....#.####..##
.....#.##...##
######..^..##
..).......##


You could see Maggie (mesmerising, extremely poisoned) and a bullfrog.

Vanquished Creatures
  Eustachio (D:5)
  A water moccasin (D:5)
  A black bear (D:5)
  A centaur (D:6)
  A scorpion (D:5)
  A howler monkey (D:4)
  A hound (D:5)
  3 orc priests
  Natasha (thrice) (D:2)
  Robin (D:2)
  6 adders
  A white imp (D:5)
  5 dart slugs
  2 ribbon worms (D:2)
  8 orcs
  3 bats
  14 endoplasms
  2 giant cockroaches
  17 goblins
  6 hobgoblins
  3 jackals (D:2)
  4 quokkas
  3 ball pythons
  A frilled lizard (D:3)
  9 kobolds
  6 rats
104 creatures vanquished.

Notes
Turn   | Place    | Note
-------+----------+-------------------------------------------
     0 | D:1      | Armakuni the Deep Elf Wanderer began the quest for the Orb.
     0 | D:1      | Armakuni set off with the following items: a +0 dagger, a
                  | potion of invisibility, a wand of flame (6), a scroll of
                  | teleportation, a +0 robe, a scroll of fear; and the
                  | following spells available to memorise: Mercury Vapours,
                  | Cigotuvi's Dreadful Rot.
     0 | D:1      | Reached XP level 1. HP: 12/12 MP: 5/5
   209 | D:1      | Reached XP level 2. HP: 5/17 MP: 6/6
   264 | D:1      | Learned a level 2 spell: Mercury Vapours
   611 | D:1      | Reached skill level 1 in Alchemy
   624 | D:1      | Gained mutation: Your flesh is heat resistant. (rF+)
                  | [potion of mutation]
   624 | D:1      | Gained mutation: Your magical capacity is low. (-10% MP)
                  | [potion of mutation]
   624 | D:1      | Gained mutation: Your mind is acute. (Int +4, Str/Dex -1)
                  | [potion of mutation]
   812 | D:1      | Reached XP level 3. HP: 9/21 MP: 7/7
  1051 | D:2      | Upgraded the game from 0.32-a0-22-g6ae6769602 to
                  | 0.32-a0-30-gefbe487952
  1087 | D:2      | Found a faded altar of an unknown god.
  1193 | D:2      | Learned a level 1 spell: Sting
  1270 | D:2      | Noticed Natasha
  1276 | D:2      | Killed Natasha
  1277 | D:2      | Reached skill level 1 in Conjurations
  1277 | D:2      | Reached XP level 4. HP: 26/27 MP: 1/8
  1417 | D:2      | Noticed Robin
  1449 | D:2      | Killed Robin
  1725 | D:2      | Reached skill level 2 in Conjurations
  1997 | D:2      | Reached XP level 5. HP: 32/32 MP: 4/9
  2060 | D:2      | Identified the +4 chain mail of Resilience {Str+3}
  2076 | D:2      | Noticed Natasha
  2079 | D:2      | Found Boph's General Store.
  2182 | D:2      | Killed Natasha
  2258 | D:2      | Bought a scroll of brand weapon for 104 gold pieces
  2379 | D:2      | Noticed Natasha
  2389 | D:2      | Killed Natasha
  2558 | D:3      | Reached skill level 3 in Conjurations
  3461 | D:3      | Learned a level 1 spell: Apportation
  3622 | D:3      | Found a shimmering altar of Xom.
  3725 | D:3      | Found a snail-covered altar of Cheibriados.
  3729 | D:3      | Found a sacrificial altar of Ru.
  3888 | D:4      | Reached XP level 6. HP: 38/38 MP: 8/10
  4850 | D:5      | Entered Level 5 of the Dungeon
  4899 | D:5      | Noticed Eustachio
  4923 | D:5      | Killed Eustachio
  4924 | D:5      | Reached skill level 4 in Conjurations
  4939 | D:5      | Noticed a water moccasin
  5132 | D:5      | Reached XP level 7. HP: 39/44 MP: 8/11
  5333 | D:5      | Reached skill level 5 in Conjurations
  5415 | D:5      | Reached skill level 5 in Fighting
  5829 | D:5      | Found a hide-covered altar of Uskayaw.
  5948 | D:5      | Reached skill level 6 in Conjurations
  6000 | D:6      | Found a shadowy altar of Dithmenos.
  6163 | D:6      | Noticed Maggie
  6180 | D:6      | HP: 2/57 [Maggie/+2 halberd of draining (4)]
  6181 | D:6      | Killed from afar by Maggie

Illustrated notes

Levels and vault maps discovered:
D:1:      wheals_arrival_shading, layout_rooms
D:2:      layout_basic, serial_shops, nicolae_shop_waterfront,
          hellmonk_ecumenical_altar_heavens_door, uniq_natasha, uniq_robin
D:3:      layout_basic, minitemple, mainiacjoe_overflow_six_doors_small,
          minmay_misc_feat_hallway
D:4:      layout_basic
D:5:      layout_loops_ring, nicolae_uskayaw_dance_hall, minmay_misc_feat_cross,
          uniq_eustachio
D:6:      layout_cave_pods, amcnicky_altar_gilded, uniq_maggie

Skill      XL: |  1  2  3  4  5  6  7 |
---------------+----------------------+-----
Fighting       | 2 3 4 5 |  5.0
Spellcasting   | 2 |  2.0
Alchemy        | 1 2 |  2.0
Conjurations   | 1 2 3 4 6 |  6.8
Dodging        | |  1.2
Stealth        | |  1.2
Unarmed Combat | |  1.5
Air Magic      | |  2.0
Evocations     | |  1.1

Action                     |  1- 3 |  4- 6 |  7- 9 || total
---------------------------+-------+-------+-------++-------
  Melee: Dagger            |   110 |   144 |    10 ||   264
         Punch             |       |     2 |       ||     2
   Cast: Mercury Vapours   |    21 |    60 |     4 ||    85
         Sting             |       |    38 |    38 ||    76
  Evoke: Wand              |       |       |     9 ||     9
    Use: Scroll            |     6 |     4 |       ||    10
         Potion            |     2 |     4 |     2 ||     8
   Stab: Sleeping          |     2 |       |       ||     2
         Invisible         |       |     2 |       ||     2
 Armour: Ring mail         |     6 |       |       ||     6
         Robe              |    43 |   118 |       ||   161
         Leather armour    |       |     4 |    28 ||    32
         Skin              |       |       |    14 ||    14
  Dodge: Dodged            |    46 |   104 |    33 ||   183

Table legend: (Time is in decaauts)
 A = Elapsed time spent in this place.
 B = Non-inter-level travel time spent in this place.
 C = Inter-level travel time spent in this place.
 D = Time resting spent in this place.
 E = Time spent auto-exploring this place.
 F = Levels seen in this place.
 G = Mean time per level.
                   A        B        C        D        E       F      G
               +--------+--------+--------+--------+--------+-----+--------+
         Total |   6184 |   6046 |    138 |   1305 |   3515 |   6 | 1030.7 |
       Dungeon |   6184 |   6046 |    138 |   1305 |   3515 |   6 | 1030.7 |
               +--------+--------+--------+--------+--------+-----+--------+

Top non-repeatable levels by time:
     D:3: 1424 daAuts
     D:2: 1373 daAuts
     D:4: 1181 daAuts
     D:1: 1084 daAuts
     D:5: 938 daAuts
     D:6: 182 daAuts
